 Dungeon Crawl Stone Soup version 0.29.0-4-gdea44cf6ec (webtiles) character file.

Game seed: 17292668354318388426

1050 qw the Chopper (level 8, -6/48 HPs)
             Began as a Gargoyle Delver on Sept 10, 2022.
             Mangled by a yak (12 damage)
             ... on level 5 of the Dungeon.
             The game lasted 00:01:51 (5518 turns).

qw the Chopper (Gargoyle Delver)                    Turns: 5518, Time: 00:01:51

Health: -6/48      AC: 26    Str: 24    XL:     8   Next: 26%
Magic:  8/8        EV:  7    Int: 11    God:
Gold:   60         SH:  5    Dex: 17    Spells: 7/7 levels left

rFire   + . .      SeeInvis .   Y - +0 war axe
rCold   + . .      Faith    .   h - +0 buckler {AC+3}
rNeg    + . .      Spirit   .   j - +0 plate armour
rPois   inf        Reflect  .   d - +2 helmet
rElec   +          Harm     .   k - scarf {rC+ rF+}
rCorr   .          Rampage  .   p - +0 pair of gloves
Will    .....                   l - +0 pair of boots
Stlth   ..........              (no amulet)
HPRegen 0.16/turn               b - +6 ring of strength
MPRegen 0.11/turn               n - +6 ring of dexterity

@: no status effects
A: sickness immunity, AC +5, negative energy resistance 1, electricity
resistance, torment resistance 1, petrification resistance
a: no special abilities


You were on level 5 of the Dungeon.
You visited 1 branch of the dungeon, and saw 5 of its levels.

You collected 234 gold pieces.
You spent 174 gold pieces at shops.


Innate Abilities, Weirdness & Mutations

You are immune to sickness and miasma.
Your stone body is resilient. (AC +5)
You are immune to poison.
You resist negative energy. (rN+)
You are resistant to electric shocks. (rElec)
You are resistant to unholy torment.
You are immune to petrification.


   Skills:
 + Level 4.4 Fighting
 - Level 7.0 Axes
 - Level 4.1 Armour
 - Level 1.5 Dodging
 - Level 5.4 Stealth
 - Level 3.1 Shields


You had 7 spell levels left.
You didn't know any spells.
Your spell library was empty.

Inventory:

Hand Weapons
 m - the +6 flail of Ignis, Charming {flame, *Corrode Dex+6 Stlth+}
   (You found it on level 4 of the Dungeon)

   It burns those it strikes, dealing additional fire damage.
   Dex:       It affects your dexterity (+6).
   *Corrode:  It may corrode you when you take damage.
   Stlth:     It makes you more stealthy.
 Y - a +0 war axe (weapon)
Armour
 d - a +2 helmet (worn)
 h - a +0 buckler of protection (worn)
 j - a +0 plate armour (worn)
 k - a scarf of resistance (worn)
 l - a +0 pair of boots (worn)
 p - a +0 pair of gloves (worn)
Jewellery
 b - a +6 ring of strength (left hand)
 n - a +6 ring of dexterity (right hand)
Wands
 g - a wand of digging (8)
Scrolls
 a - 2 scrolls of identify
Potions
 e - a potion of resistance
 f - 2 potions of haste
 i - 4 potions of curing

Dungeon Overview and Level Annotations

Branches:
Dungeon (5/15)
 Temple: D:4-7

Altars:

Shops:
D:4 ![[(   D:5 =


Message History

You slash the yak!
You kill the yak!
Your Axes skill increases to level 6!
You have reached level 8!
You feel clever.
You hit the yak but do no damage.
The yak is severely wounded.
The yak barely misses you.
You slash the yak!
The yak is almost dead.
The yak gores you but does no damage.
You hit the yak but do no damage.
The yak is almost dead.
The yak gores you.
You slash the yak!
You kill the yak!
You block the yak's attack.
Your Axes skill increases to level 7!
You barely miss the yak. The yak gores you.
You hit the yak.
The yak is lightly wounded.
The yak barely misses you.
You hit the yak.
The yak is lightly wounded.
The yak gores you.
You hit the yak.
The yak is moderately wounded.
The yak gores you but does no damage.
You hit the yak.
The yak is moderately wounded.
The yak closely misses you. x2
You barely miss the yak.
The yak is moderately wounded.
The yak gores you but does no damage.
You hit the yak.
The yak is moderately wounded.
The yak gores you but does no damage.
You slash the yak!
The yak is severely wounded.
The yak gores you!
You die...

#.......#..#....# #.#
#...#...#..# . #.. #...#......#
...##### #..# #...#...#..#
.......) #..# #...#...#..#
...###.. #..# #+###...#..#
........ #..# .....#..#....###..
#..# .###########..#....#....
#..# .....YY@......#....#....
#..########Y#########....#....
####....Y.Y......................
............................#....
####..........$.............####.
#...............:....>.<......
####.####.###################.
#.......... #...........
#.#.####.### #.#########.


You could see 3 yaks.

Vanquished Creatures
  2 yaks (D:5)
  Duvessa (D:4)
  A necrophage (D:5)
  3 scorpions
  Dowan (D:4)
  A hound (D:5)
  2 jellies (D:5)
  2 orc priests (D:3)
  An iguana (D:5)
  Jessica (D:2)
  4 adders
  A worm (D:3)
  2 dart slugs
  14 orcs
  10 endoplasms
  3 giant cockroaches
  8 hobgoblins
  4 jackals (D:3)
  7 kobolds
  4 quokkas (D:2)
  6 ball pythons
  6 bats
  3 frilled lizards (D:2)
  11 goblins
  8 rats
106 creatures vanquished.

Notes
Turn   | Place    | Note
-------+----------+-------------------------------------------
     0 | D:5      | qw the Gargoyle Delver began the quest for the Orb.
     0 | D:5      | Reached XP level 1. HP: 14/14 MP: 1/1
     0 | D:5      | 0 ||| qw: Version: 0.1-a-116-g5d60599
     0 | D:5      | 0 ||| qw: Game counter: 7701
     0 | D:5      | 0 ||| qw: Always use a shield: true
     0 | D:5      | 0 ||| qw: God list: Okawaru
     0 | D:5      | 0 ||| qw: Allow faded altars: false
     0 | D:5      | 0 ||| qw: Do Orc after D:15 true
     0 | D:5      | 0 ||| qw: Do second Lair branch before Depths: true
     0 | D:5      | 0 ||| qw: Lair rune preference: random
     0 | D:5      | 0 ||| qw: Plans: Normal
     0 | D:5      | 0 ||| PLANNING D:1-11
     0 | D:5      | 0 ||| DROPPING scroll of fog.
     1 | D:5      | 1 ||| DROPPING scroll of magic mapping.
     2 | D:5      | 2 ||| DROPPING scroll of fear.
    22 | D:4      | Found Kuceg's Antique Armour Shoppe.
    25 | D:4      | Found Omaop's Weapon Shoppe.
    27 | D:4      | Found Nienuw's Distillery.
    28 | D:4      | Found Ubeh's Armour Shoppe.
    44 | D:3      | 44 ||| Stepping ~*~*~tactically~*~*~ (hiding).
    50 | D:3      | Reached skill level 2 in Axes
   250 | D:3      | 250 ||| Stepping ~*~*~tactically~*~*~ (hiding).
   357 | D:3      | Reached XP level 2. HP: 19/19 MP: 2/2
   621 | D:3      | 621 ||| Stepping ~*~*~tactically~*~*~ (stealth).
   641 | D:3      | Reached skill level 3 in Axes
   644 | D:3      | HP: 4/19 [goblin/+0 dagger (2)]
   897 | D:3      | 897 ||| SWAPPING to +1 hand axe of draining.
   898 | D:3      | 898 ||| DROPPING +0 hand axe.
   924 | D:3      | Reached XP level 3. HP: 18/23 MP: 3/3
  1394 | D:3      | 1394 ||| UPGRADING to +0 ring mail.
  1404 | D:3      | 1404 ||| DROPPING +0 leather armour.
  1405 | D:3      | 1405 ||| UPGRADING to +0 scale mail.
  1415 | D:3      | 1415 ||| DROPPING +0 ring mail.
  1416 | D:3      | 1416 ||| UPGRADING to +0 chain mail.
  1426 | D:3      | 1426 ||| DROPPING +0 scale mail.
  1427 | D:3      | 1427 ||| READING scroll labelled ADOSAUDWINU.
  1428 | D:3      | 1428 ||| READING scroll labelled POWISOFAVY.
  1429 | D:3      | 1429 ||| READING 2 scrolls labelled DOOGEKK YF JYZAQO.
  1430 | D:3      | 1430 ||| READING scroll of enchant weapon.
  1430 | D:3      | 1430 ||| ENCHANTING +2 hand axe of draining.
  1431 | D:3      | 1431 ||| READING scroll labelled NOMUNY OMETIA.
  1432 | D:3      | 1432 ||| READING scroll labelled HIBYIC TAOGAE.
  1541 | D:2      | Noticed Jessica
  1542 | D:2      | 1542 ||| Stepping ~*~*~tactically~*~*~ (hiding).
  1544 | D:2      | Reached skill level 1 in Armour
  1551 | D:2      | HP: 5/23 [Jessica/nerve-wracking pain (1)]
  1553 | D:2      | Killed Jessica
  1554 | D:2      | Reached XP level 4. HP: 6/28 MP: 4/4
  1870 | D:2      | 1870 ||| READING scroll labelled IZAQU QECZELUUSS.
  1871 | D:2      | 1871 ||| READING scroll labelled CUIRIM DUUVE.
  1872 | D:2      | 1872 ||| READING scroll labelled PISOUC ZERUISI.
  1872 | D:2      | Identified a scroll of acquirement
  1872 | D:2      | 1872 ||| ACQUIRING +6 ring of strength
  1872 | D:2      | Acquired a +6 ring of strength
  1874 | D:2      | 1874 ||| UPGRADING to +6 ring of strength.
  1878 | D:2      | 1878 ||| Stepping ~*~*~tactically~*~*~ (stealth).
  1891 | D:2      | Reached skill level 4 in Axes
  2299 | D:1      | 2299 ||| UPGRADING to +2 helmet.
  2304 | D:1      | 2304 ||| UPGRADING to +0 plate armour.
  2314 | D:1      | 2314 ||| DROPPING +0 chain mail.
  2315 | D:1      | 2315 ||| DRINKING 2 emerald potions.
  2316 | D:1      | 2316 ||| READING 4 scrolls of identify.
  2316 | D:1      | 2316 ||| IDENTIFYING amethyst potion
  2317 | D:1      | 2317 ||| READING 3 scrolls of identify.
  2317 | D:1      | 2317 ||| IDENTIFYING bubbling cyan potion
  2318 | D:1      | 2318 ||| DROPPING potion of flight.
  2449 | D:2      | 2449 ||| Stepping ~*~*~tactically~*~*~ (stealth).
  2470 | D:2      | 2470 ||| Stepping ~*~*~tactically~*~*~ (stealth).
  2472 | D:2      | 2472 ||| Stepping ~*~*~tactically~*~*~ (stealth).
  2474 | D:2      | 2474 ||| Stepping ~*~*~tactically~*~*~ (stealth).
  2485 | D:2      | 2485 ||| Stepping ~*~*~tactically~*~*~ (stealth).
  2521 | D:2      | 2521 ||| UPGRADING to +0 buckler of protection.
  2535 | D:2      | 2535 ||| Stepping randomly (stuck).
  2543 | D:2      | 2543 ||| Stepping randomly (stuck).
  2625 | D:2      | Reached skill level 1 in Shields
  2625 | D:2      | Reached XP level 5. HP: 32/32 MP: 5/5
  2732 | D:2      | Found a faded altar of an unknown god.
  2900 | D:2      | 2900 ||| UPGRADING to scarf of resistance.
  2905 | D:2      | 2905 ||| UPGRADING to +0 pair of boots.
  2910 | D:2      | 2910 ||| DROPPING ring of wizardry.
  2911 | D:2      | 2911 ||| UPGRADING to +6 ring of dexterity.
  3003 | D:3      | 3003 ||| Stepping ~*~*~tactically~*~*~ (hiding).
  3019 | D:3      | Reached skill level 3 in Shields
  3188 | D:3      | 3188 ||| DROPPING +0 whip.
  3336 | D:3      | 3336 ||| Stepping ~*~*~tactically~*~*~ (stealth).
  3538 | D:3      | 3538 ||| READING scroll labelled APOTOHO LYULI.
  3539 | D:3      | 3539 ||| READING scroll labelled XEOCIU CAOP.
  3540 | D:3      | 3540 ||| READING scroll labelled REINYUZXIUCW.
  3541 | D:3      | 3541 ||| READING 4 scrolls of identify.
  3541 | D:3      | 3541 ||| IDENTIFYING sedimented golden potion
  3542 | D:3      | 3542 ||| READING 3 scrolls of identify.
  3542 | D:3      | 3542 ||| IDENTIFYING dark potion
  3543 | D:3      | 3543 ||| READING 2 scrolls of identify.
  3543 | D:3      | 3543 ||| IDENTIFYING green potion
  3544 | D:3      | 3544 ||| DROPPING potion of brilliance.
  3545 | D:3      | 3545 ||| DROPPING potion of ambrosia.
  3615 | D:4      | Identified the +6 flail of Ignis, Charming {flame, *Corrode
                  | Dex+6 Stlth+}
  3617 | D:4      | 3617 ||| DROPPING +0 flail.
  3721 | D:4      | 3721 ||| Stepping ~*~*~tactically~*~*~ (stealth).
  3722 | D:4      | 3722 ||| Stepping ~*~*~tactically~*~*~ (stealth).
  3725 | D:4      | 3725 ||| Stepping ~*~*~tactically~*~*~ (stealth).
  3726 | D:4      | 3726 ||| Stepping ~*~*~tactically~*~*~ (stealth).
  3736 | D:4      | Reached XP level 6. HP: 35/37 MP: 6/6
  3789 | D:4      | 3789 ||| SWAPPING to +0 war axe.
  3790 | D:4      | 3790 ||| DROPPING +3 vorpal hand axe.
  3858 | D:4      | Noticed Duvessa
  3859 | D:4      | Noticed Dowan
  3868 | D:4      | Killed Duvessa
  3871 | D:4      | Killed Dowan
  4186 | D:4      | Reached XP level 7. HP: 35/41 MP: 7/7
  4271 | D:4      | 4271 ||| BUYING pair of gloves (144 gold).
  4271 | D:4      | Bought a pair of gloves for 144 gold pieces
  4271 | D:4      | 4271 ||| SHOPLISTING runed crystal plate armour (2656 gold,
                  | have 51).
  4275 | D:4      | 4275 ||| SHOPLISTING potion of cancellation (80 gold, have
                  | 51).
  4275 | D:4      | 4275 ||| BUYING potion of curing (30 gold).
  4275 | D:4      | Bought a potion of curing for 30 gold pieces
  4275 | D:4      | 4275 ||| SHOPLISTING potion of curing (30 gold, have 21).
  4275 | D:4      | 4275 ||| SHOPLISTING potion of haste (100 gold, have 21).
  4275 | D:4      | 4275 ||| SHOPLISTING potion of mutation (80 gold, have 21).
  4279 | D:4      | 4279 ||| SHOPLISTING +0 cloak (45 gold, have 21).
  4383 | D:4      | 4383 ||| UPGRADING to +0 pair of gloves.
  4388 | D:4      | 4388 ||| DROPPING amulet of magic regeneration.
  4389 | D:4      | 4389 ||| READING 2 scrolls labelled PIRYAM WUZY.
  4442 | D:5      | Noticed a yak
  4443 | D:5      | Noticed a yak
  4444 | D:5      | 4444 ||| Stepping ~*~*~tactically~*~*~ (stealth).
  4447 | D:5      | Noticed a yak
  4447 | D:5      | Noticed a yak
  4448 | D:5      | 4448 ||| Stepping ~*~*~tactically~*~*~ (stealth).
  4451 | D:5      | 4451 ||| Stepping ~*~*~tactically~*~*~ (stealth).
  4453 | D:5      | Noticed a yak
  4455 | D:5      | Noticed a yak
  4458 | D:5      | HP: 10/41 [yak (5)]
  4459 | D:5      | 4459 ||| READING scroll of teleportation.
  4460 | D:5      | 4460 ||| DRINKING potion of heal wounds.
  4469 | D:5      | Reached skill level 5 in Axes
  5337 | D:5      | Found Naunud's Jewellery Emporium.
  5343 | D:5      | 5343 ||| SHOPLISTING amulet of Pyromania {Reflect rPois rF-
                  | rCorr Str+5 SH+5} (553 gold, have 60).
  5343 | D:5      | 5343 ||| SHOPLISTING amulet of regeneration (330 gold, have
                  | 60).
  5343 | D:5      | 5343 ||| SHOPLISTING ring of fire (275 gold, have 60).
  5486 | D:5      | 5486 ||| Stepping ~*~*~tactically~*~*~ (stealth).
  5489 | D:5      | 5489 ||| Stepping ~*~*~tactically~*~*~ (stealth).
  5502 | D:5      | HP: 11/44 [yak (10)]
  5506 | D:5      | Killed a yak
  5507 | D:5      | Reached skill level 6 in Axes
  5507 | D:5      | Reached XP level 8. HP: 13/48 MP: 8/8
  5509 | D:5      | HP: 12/48 [yak (2)]
  5510 | D:5      | Killed a yak
  5511 | D:5      | Reached skill level 7 in Axes
  5513 | D:5      | HP: 5/48 [yak (2)]
  5518 | D:5      | Mangled by a yak

Levels and vault maps discovered:
D:1:      dpeg_arrival_water_temple_mockup, layout_basic
D:2:      minmay_chambers_of_twos, layout_basic,
          ebering_ecumenical_altar_abandoned, kennysheep_potato, uniq_jessica
D:3:      layout_basic, dk_noncrumbling_3, grunt_ministairs_3
D:4:      layout_layer_cave, minmay_shop_grid_forest, uniq_duvessa
D:5:      layout_basic, serial_shops, nicolae_shop_stone, grunt_tough_drop

Skill      XL: |  1  2  3  4  5  6  7  8 |
---------------+-------------------------+-----
Axes           | 2 3 4 6 7 |  7.0
Armour         | 1 2 4 |  4.1
Shields        | 1 3 |  3.1
Fighting       | 4 |  4.4
Dodging        | |  1.5
Stealth        | |  5.4

Action                   |  1- 3 |  4- 6 |  7- 9 || total
-------------------------+-------+-------+-------++-------
Melee: Hand axe          |    89 |   107 |       ||   196
       War axe           |       |    16 |    83 ||    99
Throw: Boomerang         |       |     4 |     2 ||     6
  Use: Scroll            |     6 |    11 |     2 ||    19
       Potion            |       |     1 |     1 ||     2
 Stab: Sleeping          |     1 |       |       ||     1
Armor: Leather armour    |    38 |       |       ||    38
       Chain mail        |    10 |     9 |       ||    19
       Plate armour      |       |    65 |    53 ||   118
Dodge: Dodged            |    52 |    23 |    27 ||   102
Block: Buckler           |       |    14 |    15 ||    29

Table legend:
 A = Non-vault XP
 B = Vault XP
 C = Vault XP percentage of total XP
 D = Non-vault monster count
 E = Vault monster count
 F = Vault count percentage of total count
                 A         B        C        D         E       F
            +---------+---------+-------+---------+---------+-------
      Total |    1073 |     428 |  28.5 |      87 |      19 |  17.9
            +---------+---------+-------+---------+---------+-------
        D:1 |      11 |       0 |   0.0 |       8 |       0 |   0.0
        D:2 |      55 |      58 |  51.3 |      26 |      12 |  31.6
        D:3 |     165 |       6 |   3.5 |      35 |       2 |   5.4
        D:4 |     133 |     214 |  61.7 |      11 |       2 |  15.4
        D:5 |     709 |     150 |  17.5 |       7 |       3 |  30.0
            +---------+---------+-------+---------+---------+-------
